 Dungeon Crawl Stone Soup version 0.29-a0-284-gf9362112df (webtiles) character file.

Game seed: 5938174043328408385

3196 siradein the Cleaver (level 9, -2/82 HPs)
             Began as a Hill Orc Fighter on Mar 25, 2022.
             Was a Follower of Makhleb.
             Slain by a gnoll sergeant
             ... wielding a +0 trident of venom
              (11 damage)
             ... on level 8 of the Dungeon.
             The game lasted 00:22:27 (9381 turns).

siradein the Cleaver (Hill Orc Fighter)             Turns: 9381, Time: 00:22:28

Health: -2/82      AC: 16    Str: 23    XL:     9   Next: 96%
Magic:  11/11      EV:  8    Int:  8    God:    Makhleb [*.....]
Gold:   252        SH:  5    Dex: 10    Spells: 8/8 levels left

rFire   . . .      SeeInvis +   a - +0 war axe
rCold   + . .      Faith    .   c - +0 buckler
rNeg    . . .      Spirit   .   G - +3 chain mail {rC+}
rPois   .          Reflect  .   q - +0 helmet
rElec   .          Harm     .   o - +0 cloak
rCorr   .          Rampage  .   (no gloves)
Will    .....                   (no boots)
Stlth   ..........              (no amulet)
HPRegen 0.23/turn               i - ring of flight
MPRegen 0.12/turn               s - ring of see invisible

@: flying
A: no striking features
a: Renounce Religion


You were on level 8 of the Dungeon.
You worshipped Makhleb.
Makhleb was aware of your devotion.
You visited 2 branches of the dungeon, and saw 9 of its levels.

You collected 455 gold pieces.
You spent 203 gold pieces at shops.

Inventory:

Hand Weapons
 a - a +0 war axe (weapon)
 t - a +3 dagger of venom
Missiles
 k - 18 poisoned darts (quivered)
Armour
 c - a +0 buckler (worn)
 o - a +0 cloak (worn)
 q - a +0 helmet (worn)
 G - a +3 chain mail of cold resistance (worn)
Jewellery
 i - a ring of flight (left hand)
 s - a ring of see invisible (right hand)
Wands
 u - a wand of polymorph (3)
 v - a wand of digging (2)
 y - a wand of acid (7)
 K - a wand of paralysis (4)
Scrolls
 e - 2 scrolls of brand weapon {unknown}
 j - 2 scrolls of enchant weapon {unknown}
 l - 4 scrolls of teleportation
 m - a scroll of vulnerability {unknown}
 p - 2 scrolls of amnesia {unknown}
 r - 2 scrolls of immolation {unknown}
 w - 2 scrolls of blinking
 z - a scroll of enchant armour {unknown}
 A - 4 scrolls of holy word {unknown}
 E - a scroll of summoning {unknown}
 H - 2 scrolls of acquirement
 I - 2 scrolls of fog {unknown}
 L - a scroll of fear {unknown}
Potions
 b - a potion of mutation {unknown}
 d - 3 potions of might
 f - 2 potions of heal wounds
 g - a potion of resistance
 n - 2 potions of attraction {unknown}
 x - a potion of lignification {unknown}
 B - a potion of brilliance {unknown}
 C - 3 potions of flight {unknown}
 D - a potion of haste {unknown}
 F - a potion of invisibility {unknown}
 J - 2 potions of cancellation {unknown}


   Skills:
 + Level 8.8 Fighting
 + Level 9.2 Axes
 + Level 8.0 Armour
 + Level 8.0 Shields
 + Level 3.3 Invocations


You had 8 spell levels left.
You didn't know any spells.
Your spell library contained the following spells:

 Spells                   Type           Power      Damage    Failure   Level
 Shock                    Conj/Air       0%         1d3       98%         1
 Sting                    Tmut/Pois      0%         1d3       98%         1
 Summon Small Mammal      Summ           0%         N/A       98%         1
 Ensorcelled Hibernation  Hex/Ice        0%         N/A       99%         2
 Passwall                 Tmut/Erth      0%         N/A       99%         2
 Poisonous Vapours        Pois/Air       0%         N/A       99%         2
 Gell's Gravitas          Tloc           0%         N/A       100%        3
 Portal Projectile        Hex/Tloc       0%         N/A       100%        3
 Swiftness                Air            0%         N/A       100%        3
 Teleport Other           Tloc           0%         N/A       100%        3
 Airstrike                Air            0%         N/A       100%        4
 Olgreb's Toxic Radiance  Pois           0%         N/A       100%        4
 Blade Hands              Tmut           0%         N/A       100%        5
 Excruciating Wounds      Necr           0%         N/A       100%        5
 Dispersal                Tloc           0%         N/A       100%        6


Dungeon Overview and Level Annotations

Branches:
Dungeon (8/15)             Temple (1/1) D:5
   Lair: D:8-11

Altars:
Cheibriados
Elyvilon
Fedhas
Hepliaklqana
Kikubaaqudgha
Makhleb
Nemelex Xobeh
Qazlal
Sif Muna
Trog
Vehumet
Yredelemnul
Zin
Ignis

Shops:
D:2 [   D:3 :   D:4 *

Annotations:
D:3 3 runed translucent doors, sammy202020's ghost, amateur DsBe


Message History

You feel very sick.
The gnoll sergeant hits you but does no damage.
You are more poisoned.
You hit the gnoll sergeant.
The gnoll sergeant is severely wounded.
You feel very sick.
The gnoll sergeant hits you with a +0 trident of venom!
You hit the gnoll sergeant.
The gnoll sergeant is severely wounded.
You feel very sick. The gnoll sergeant closely misses you.
You closely miss the gnoll sergeant.
The gnoll sergeant is severely wounded.
You feel very sick. The gnoll sergeant closely misses you.
You barely miss the gnoll sergeant.
The gnoll sergeant is severely wounded.
You feel very sick. You block the gnoll sergeant's attack.
You barely miss the gnoll sergeant.
The gnoll sergeant is severely wounded.
You feel very sick. The gnoll sergeant barely misses you.
You closely miss the gnoll sergeant.
The gnoll sergeant is severely wounded.
You feel sick.
The gnoll sergeant hits you but does no damage.
You are lethally poisoned!
You hit the gnoll sergeant but do no damage.
The gnoll sergeant is severely wounded.
* * * LOW HITPOINT WARNING * * *
You feel very sick.
The gnoll sergeant hits you with a +0 trident of venom!
* * * LOW HITPOINT WARNING * * *
You are more poisoned.
You feel better. The gnoll sergeant closely misses you.
You barely miss the gnoll sergeant.
The gnoll sergeant is severely wounded.
The gnoll sergeant hits you with a +0 trident of venom!
You die...

#.#.#.## #.#....
#...#.# +<..#.#
#.#.#.# #.....#
..#.....#
.........#######o##
#.........)@gggogo.
################o##


You could see a gnoll sergeant, 3 gnolls and 4 orcs.

Vanquished Creatures
  A slime creature (D:7)
  Menkaure (D:4)
  An orc warrior (D:5)
  6 ice beasts
  3 black bears
  2 ogres
  2 centaurs (D:6)
  A kobold brigand (D:6)
  A phantom (D:5)
  3 necrophages
  4 scorpions
  3 bullfrogs (D:7)
  2 howler monkeys
  4 hounds
  A jelly (D:7)
  3 orc priests
  8 orc wizards
  4 iguanas
  Robin (D:4)
  2 gnolls (D:8)
  9 adders
  3 white imps
  An ufetubus (D:7)
  2 worms (D:2)
  3 dart slugs
  17 orcs
  4 ball pythons
  5 endoplasms
  A giant cockroach (D:4)
  23 goblins
  8 hobgoblins
  3 jackals (D:4)
  5 kobolds
  4 quokkas
  7 bats
  3 frilled lizards
  4 rats
155 creatures vanquished.

Notes
Turn   | Place    | Note
-------+----------+-------------------------------------------
     0 | D:1      | siradein the Hill Orc Fighter began the quest for the Orb.
     0 | D:1      | Reached XP level 1. HP: 19/19 MP: 1/1
   180 | D:1      | Reached XP level 2. HP: 27/27 MP: 2/2
   230 | D:1      | Reached skill level 3 in Axes
   282 | D:1      | Found a faded altar of an unknown god.
   283 | D:1      | Noticed a great orb of eyes
   287 | D:1      | Noticed a shining eye
   287 | D:1      | Noticed a great orb of eyes
   287 | D:1      | Noticed a golden eye
   653 | D:1      | Reached XP level 3. HP: 33/33 MP: 3/3
  1444 | D:2      | Found Eriwno's Antique Armour Emporium.
  1452 | D:2      | Bought a cloak for 76 gold pieces
  1761 | D:3      | Reached XP level 4. HP: 30/40 MP: 4/4
  2310 | D:2      | Reached skill level 4 in Axes
  2310 | D:2      | Reached XP level 5. HP: 26/47 MP: 5/5
  2555 | D:3      | Found Jejimik's Book Boutique.
  2715 | D:3      | Noticed an ogre
  2777 | D:3      | Found a runed translucent gate.
  2777 | D:3      | Found a runed translucent gate.
  2778 | D:3      | Found a runed translucent gate.
  2782 | D:3      | Noticed sammy202020's ghost (amateur DsBe)
  2786 | D:3      | Found a bloodstained altar of Trog.
  2959 | D:4      | Noticed Robin
  3137 | D:4      | Killed Robin
  3265 | D:4      | Reached skill level 5 in Fighting
  3265 | D:4      | Reached XP level 6. HP: 29/56 MP: 6/6
  3513 | D:4      | Noticed a black bear
  3555 | D:4      | Killed a black bear
  3556 | D:4      | Reached skill level 5 in Axes
  3556 | D:4      | Reached skill level 5 in Armour
  3556 | D:4      | Reached skill level 5 in Shields
  3953 | D:4      | Noticed Menkaure
  3971 | D:4      | Killed Menkaure
  3972 | D:4      | Reached XP level 7. HP: 41/62 MP: 7/7
  4297 | D:4      | Found Laecs's General Store.
  4821 | D:5      | Entered Level 5 of the Dungeon
  4863 | D:5      | Reached skill level 6 in Axes
  5000 | D:5      | Reached XP level 8. HP: 67/71 MP: 8/8
  5511 | D:5      | Found a staircase to the Ecumenical Temple.
  5520 | Temple   | Entered the Ecumenical Temple
  5535 | Temple   | Became a worshipper of Makhleb the Destroyer
  5659 | D:5      | Found a shimmering blue altar of Sif Muna.
  5674 | D:5      | Got Sif Muna's Compendium of the Escort
  5680 | D:5      | Found an ancient bone altar of Kikubaaqudgha.
  5696 | D:5      | Found a radiant altar of Vehumet.
  5719 | D:5      | HP: 3/71 [poisoned by an orc wizard]
  6129 | D:5      | Found a stormy altar of Qazlal.
  6537 | D:5      | Reached skill level 7 in Axes
  6685 | D:2      | Bought a shiny chain mail for 127 gold pieces
  7169 | D:6      | Reached XP level 9. HP: 42/79 MP: 9/9
  7489 | D:6      | Reached skill level 8 in Axes
  7868 | D:7      | Reached * piety under Makhleb
  7935 | D:7      | Reached skill level 1 in Invocations
  8579 | D:7      | Found a sparkling altar of Nemelex Xobeh.
  8674 | D:7      | Reached skill level 9 in Axes
  8734 | D:7      | HP: 4/82 [poisoned by an orc wizard]
  9130 | D:7      | Identified a scroll of acquirement
  9379 | D:8      | HP: 2/82 [gnoll sergeant/+0 trident of venom (7)]
  9381 | D:8      | Slain by a gnoll sergeant

Illustrated notes

Levels and vault maps discovered:
D:1:      dpeg_arrival_castle, layout_loops_corners,
          hellmonk_ecumenical_altar_watching_god
D:2:      layout_basic, serial_shops, shop
D:3:      layout_basic, bloody_trog, gammafunk_ghost_necromancy, serial_shops,
          nicolae_shop_behind_doors, lightli_corner_chamber
D:4:      kennysheep_goblin_castle, layout_loops_ring, serial_shops, shop,
          uniq_menkaure
D:5:      kennysheep_six_static_rooms, layout_basic,
          palyth_temple_overflow_mages, mainiacjoe_overflow_small_starburst,
          minmay_temple_entry_large_hall, minmay_fractal_squares_gapless_5
D:6:      layout_cave_pools, kennysheep_small_circle
D:7:      minmay_spotlight, layout_basic, mainiacjoe_overflow_six_doors_small,
          amcnicky_mini_pool_small, grunt_decor_one_mirror, minmay_circle_x
D:8:      layout_basic
Temple:   pdpol_scorched_temple

Skill      XL: |  1  2  3  4  5  6  7  8  9 |
---------------+----------------------------+-----
Axes           | 3 4 5 6 7 9 |  9.2
Fighting       | 4 5 6 7 8 |  8.8
Armour         | 4 5 6 8 |  8.0
Shields        | 4 5 6 8 |  8.0
Invocations    | 3 |  3.3

Action                   |  1- 3 |  4- 6 |  7- 9 || total
-------------------------+-------+-------+-------++-------
Melee: War axe           |   115 |   149 |   355 ||   619
  Use: Scroll            |     3 |     3 |     2 ||     8
       Potion            |       |       |     4 ||     4
Armor: Scale mail        |    63 |    72 |    69 ||   204
       Chain mail        |       |       |   156 ||   156
Dodge: Dodged            |    61 |    71 |   125 ||   257
Block: Buckler           |    34 |    43 |    96 ||   173

Table legend: (Time is in decaauts)
 A = Elapsed time spent in this place.
 B = Non-inter-level travel time spent in this place.
 C = Inter-level travel time spent in this place.
 D = Time resting spent in this place.
 E = Time spent auto-exploring this place.
 F = Levels seen in this place.
 G = Mean time per level.
                   A        B        C        D        E       F      G
               +--------+--------+--------+--------+--------+-----+--------+
         Total |   9542 |   9276 |    266 |   1945 |   5411 |   9 | 1060.2 |
       Dungeon |   9501 |   9235 |    266 |   1945 |   5407 |   8 | 1187.6 |
        Temple |     41 |     41 |      0 |      0 |      4 |   1 |   41.0 |
               +--------+--------+--------+--------+--------+-----+--------+

Top non-repeatable levels by time:
     D:5: 2251 daAuts
     D:4: 2015 daAuts
     D:7: 1508 daAuts
     D:3: 1060 daAuts
     D:2: 1047 daAuts
     D:1: 895 daAuts
     D:6: 582 daAuts
     D:8: 139 daAuts
  Temple: 41 daAuts
